 Dungeon Crawl Stone Soup version 0.31.0-9-g3a7656b989 (webtiles) character file.

Game seed: 8667750692755096623

121 Killerpretzel the Ducker (level 4, 21/21 HPs)
             Began as a Felid Air Elementalist on Feb 3, 2024.
             Quit the game on level 3 of the Dungeon.
             The game lasted 00:10:11 (3298 turns).

Killerpretzel the Ducker (Felid Air Elementalist)   Turns: 3298, Time: 00:10:11

Health: 21/21      AC:  1    Str:  4    XL:     4   Next: 77%
Magic:  9/9        EV: 18    Int: 21    God:
Gold:   210        SH:  0    Dex: 16    Spells: 5/8 levels left
                                        Lives:  0   Deaths: 2

rFire   . . .        (weapon unavailable)
rCold   . . .        (shield unavailable)
rNeg    . . .        (body armour unavailable)
rPois   .            (helmet unavailable)
rElec   .            (cloak unavailable)
rCorr   .            (gloves unavailable)
SInv    +            (boots unavailable)
Will    .....        k - amulet of regeneration
Stlth   ++           (no ring)
HPRegen 1.03/turn    (no ring)
MPRegen 0.11/turn

%: no passive effects
@: no status effects
A: very small, claws 1, fangs 3, see invisible, shaggy fur 1, stealthy paws, no
weapons or thrown items, no armour, multi-lived
a: no special abilities


You were on level 3 of the Dungeon.
You visited 1 branch of the dungeon, and saw 3 of its levels.

You collected 210 gold pieces.

Inventory:

Jewellery
 k - an amulet of regeneration (around neck)
Scrolls
 a - a scroll of blinking {unknown}
 b - 3 scrolls of torment {unknown}
 c - 2 scrolls of fog {unknown}
 g - 2 scrolls of identify {unknown}
 h - a scroll of enchant armour {unknown}
 i - a scroll of revelation {unknown}
 l - a scroll of silence {unknown}
Potions
 d - a potion of cancellation {unknown}
 e - 2 potions of curing {unknown}
 f - a potion of lignification {unknown}
 j - 2 potions of ambrosia


   Skills:
 + Level 3.8 Dodging
 - Level 2.6 Stealth
 + Level 2.7 Spellcasting
 + Level 1.9 Conjurations
 * Level 3.7 Air Magic


You had 5 spell levels left.
You knew the following spells:

 Your Spells              Type           Power      Damage    Failure   Level
a - Shock                 Conj/Air       56%        1d6       4%          1
b - Static Discharge      Conj/Air       28%        3-5/arc   6%          2

Your spell library contained the following spells:

 Spells                   Type           Power      Damage    Failure   Level
 Swiftness                Air            18%        N/A       9%          3
 Airstrike                Air            9%         2d(2-18)  28%         4


Dungeon Overview and Level Annotations

Branches:
Dungeon (3/15)

Altars:

Shops:
D:1 *   D:2 *   D:3 [

Annotations:
D:2 exclusion: door
D:3 Pargi


Innate Abilities, Weirdness & Mutations

You have sharp claws.
You have razor-sharp teeth.
You have supernaturally acute eyesight. (SInv)
You are covered in fur. (AC +1)
Your paws help you pounce on unaware monsters.
You are incapable of wielding weapons or throwing items.
You cannot wear armour.
You gain extra lives every three experience levels.


Message History

The lightning grounds out.
Pargi misses you. x2; Pargi claws you.
Casting: Static Discharge (safe; 6% risk of failure)
Confirm with . or Enter, or press ? or * to list all spells.
You don't have enough magic to cast this spell.
It was a potion of ambrosia.
You are confused.
You feel invigorated. Pargi misses you. Pargi closely misses you.
Pargi claws you. Pargi closely misses you. Pargi claws you. Pargi misses you.
Pargi closely misses you. Pargi claws you. x2
Pargi completely misses you. Pargi barely misses you. Pargi closely misses you.
Pargi closely misses you. Pargi barely misses you. Pargi misses you.
Pargi closely misses you. Pargi completely misses you.
Pargi closely misses you.
You feel less invigorated.
You feel less confused. Pargi barely misses you. Pargi closely misses you. x2
Casting: Static Discharge (safe; 6% risk of failure)
Confirm with . or Enter, or press ? or * to list all spells.
Pargi is struck by an arc of lightning.
Pargi is heavily wounded.
You are struck by an arc of lightning.
The lightning grounds out.
Pargi bites you! Pargi closely misses you. Pargi claws you.
Casting: Static Discharge (safe; 6% risk of failure)
Confirm with . or Enter, or press ? or * to list all spells.
Pargi is struck by an arc of lightning.
Pargi is severely wounded.
You are struck by an arc of lightning.
The lightning grounds out.
Pargi barely misses you. Pargi claws you but does no damage. Pargi claws you.
Casting: Static Discharge (safe; 6% risk of failure)
Confirm with . or Enter, or press ? or * to list all spells.
Pargi is struck by an arc of lightning.
Pargi is almost dead.
You are struck by an arc of lightning.
* * * LOW HITPOINT WARNING * * *
The lightning grounds out.
Pargi bites you!
You die...
Pargi closely misses you. Pargi barely misses you.
You rejoin the land of the living...
Are you sure you want to abandon this character and quit the game? (Confirm with "yes".)

#.....###...'..........#########
###'### ##..#..###.............#
#.....# ##.#....#.....#######.#
#..)T.# ###.....>....# #.#
+.?.!.'...# #..#.#.....# #.#
#..[..#.... #......###########.#
#.....#.... #..#.#.# #.........#
###'### ... #.##.#.# #.........#
... .. +.##@#.# #.........# ...
#.##.#.# #.........# #...
#..#.#.# #.........# #..#.#.#
#.........# ##..#...#
#.........# #######+####...#.###
#.........#
...............#.#####^........#
.......###.#.#......##.........#
......## #.#.#.####.##.........#


There were no monsters in sight!

Vanquished Creatures
  4 gnolls (D:2)
  An adder (D:3)
  2 dart slugs (D:1)
  2 ribbon worms (D:2)
  An orc (D:3)
  6 bats
  3 endoplasms
  4 giant cockroaches
  3 goblins
  8 hobgoblins
  4 jackals
  3 quokkas
  4 ball pythons
  4 frilled lizards
  3 kobolds
  13 rats
65 creatures vanquished.

Notes
Turn   | Place    | Note
-------+----------+-------------------------------------------
     0 | D:1      | Killerpretzel the Felid Air Elementalist began the quest
                  | for the Orb.
     0 | D:1      | Reached XP level 1. HP: 9/9 MP: 4/4
    24 | D:1      | Reached skill level 1 in Conjurations
   224 | D:1      | Reached XP level 2. HP: 13/13 MP: 1/6
   227 | D:1      | Learned a level 2 spell: Static Discharge
   640 | D:1      | Reached XP level 3. HP: 16/16 MP: 5/7
   744 | D:1      | Found a faded altar of an unknown god.
   789 | D:1      | Found Benilaet's General Store.
  1748 | D:2      | Slain by a gnoll
  1748 | D:2      | Lost a life (0 lives remaining)
  1924 | D:2      | Found Ceruchel's General Store.
  2276 | D:2      | Reached XP level 4. HP: 21/21 MP: 0/8
  2276 | D:2      | Gained a life (1 life remaining)
  2368 | D:3      | Found Nixerydu's Antique Armour Shoppe.
  2427 | D:3      | Noticed Pargi
  3297 | D:3      | Slain by Pargi
  3297 | D:3      | Lost a life (0 lives remaining)
  3298 | D:3      | Quit the game

Illustrated notes

Levels and vault maps discovered:
D:1:      psy_arrival_terrarium, layout_basic, chequers_ecumenical_altar_simple,
          serial_shops, shop, st_stairs_14
D:2:      minmay_inner_zag, layout_basic, serial_shops, nicolae_square_shop,
          st_stairs_10, minmay_tetromino_s2
D:3:      layout_basic, gammafunk_temple_overflow_pools, serial_shops, shop,
          minmay_quadrilaterals, uniq_pargi

Skill      XL: |  1  2 |
---------------+-------+-----
Conjurations   | 1 |  1.9
Dodging        | 3 |  3.8
Air Magic      | 3 |  3.7
Stealth        | |  2.6
Spellcasting   | |  2.7

Action                     |  1- 3 |  4- 6 || total
---------------------------+-------+-------++-------
  Melee: Unarmed           |    15 |       ||    15
         Bite              |     1 |       ||     1
   Cast: Shock             |    82 |    34 ||   116
         Static Discharge  |    17 |    11 ||    28
    Use: Potion            |     1 |     1 ||     2
 Armour: Skin              |    25 |    23 ||    48
  Dodge: Dodged            |    60 |    39 ||    99
